 Dungeon Crawl Stone Soup version 0.28.0 (webtiles) character file.

Game seed: 12159783269797469112

66 egresovca the Conjurer (level 3, -3/24 HPs)
             Began as a Demonspawn Conjurer on Feb 10, 2022.
             Slain by an orc (9 damage)
             ... on level 2 of the Dungeon.
             The game lasted 00:04:11 (2318 turns).

egresovca the Conjurer (Demonspawn Conjurer)        Turns: 2318, Time: 00:04:12

Health: -3/24      AC:  3    Str:  9    XL:     3   Next: 96%
Magic:  7/7        EV: 11    Int: 19    God:
Gold:   45         SH:  0    Dex: 11    Spells: 3/8 levels left

rFire   + . .      SeeInvis .   (no weapon)
rCold   x . .      Faith    .   (no shield)
rNeg    . . .      Spirit   .   j - +0 leather armour
rPois   .          Reflect  .   (no helmet)
rElec   .          Harm     .   (no cloak)
rCorr   .          Rampage  .   (no gloves)
Will    .....                   (no boots)
Stlth   +.........              (no amulet)
HPRegen 0.08/turn               h - ring of fire
MPRegen 0.10/turn               (no ring)

@: no status effects
A: spiny 1
a: no special abilities


You were on level 2 of the Dungeon.
You visited 1 branch of the dungeon, and saw 3 of its levels.

You collected 45 gold pieces.

Inventory:

Armour
 a - a +0 robe
 j - a +0 leather armour (worn)
 k - a +3 scale mail
Jewellery
 h - a ring of fire (left hand)
Scrolls
 b - a scroll of silence {unknown}
 c - 3 scrolls of identify {unknown}
 f - 2 scrolls of teleportation {unknown}
 g - a scroll of noise {unknown}
 i - a scroll of blinking {unknown}
Potions
 d - a potion of curing {unknown}
 e - a potion of degeneration {unknown}


   Skills:
 - Level 1.7 Dodging
 - Level 1.7 Stealth
 * Level 3.1 Spellcasting
 + Level 4.4 Conjurations
 * Level 1.5 Fire Magic


You had 3 spell levels left.
You knew the following spells:

 Your Spells              Type           Power      Damage    Failure   Level
a - Magic Dart            Conj           76%        1d6       3%          1
b - Searing Ray           Conj           38%        2d5       5%          2
d - Scorch                Fire           26%        2d6       17%         2

Your spell library contained the following spells:

 Spells                   Type           Power      Damage    Failure   Level
 Dazzling Flash           Conj/Hex       22%        N/A       26%         3
 Corpse Rot               Necr/Air       4%         N/A       32%         2
 Poisonous Vapours        Pois/Air       4%         N/A       32%         2
 Flame Wave               Conj/Fire      21%        2d7       52%         4
 Fulminant Prism          Conj/Hex       5%         3d7       65%         4
 Iskenderun's Mystic Bla  Conj/Tloc      11%        2d4       65%         4
 Summon Cactus Giant      Summ           1%         N/A       100%        6


Dungeon Overview and Level Annotations

Branches:
Dungeon (3/15)

Altars:

Annotations:
D:2 exclusion: 2 downstairs


Innate Abilities, Weirdness & Mutations

You are partially covered in sharp spines.


Message History

There is an entrance to a sewer on this level.
Hurry and find it before the portal rusts away!
The orc hits you with a +0 flail! The orc is struck by your spines.
The orc misses you.
The giant cockroach is struck by your spines.
The giant cockroach bites you but does no damage.
The rat barely misses you. x2; The orc is struck by your spines.
The orc barely misses you. The giant cockroach barely misses you.
The orc is struck by your spines.
You kill the orc!
There is a stone staircase leading up here.
You hear the slow rusting of a drain nearby.
The rat is struck by your spines. The rat misses you.
The rat bites you but does no damage. The orc hits you with a +0 flail!
The giant cockroach is struck by your spines.
The giant cockroach bites you but does no damage.
The orc closely misses you.
You climb upwards.
Level annotation: exclusion: 2 downstairs
There is a stone staircase leading down here.
Unknown command.
Aiming: Searing Ray (safe; 5% risk of failure)
Press: ? - help, Q - select action, (/) - cycle Shift-Dir - straight line, f - rat
Aim: a rat (moderately wounded, 78% to hit)
The searing ray hits the orc.
The orc is severely wounded.
The searing ray hits the rat!
You kill the rat! (Press . to maintain the ray.)
The giant cockroach is struck by your spines.
You kill the giant cockroach!
The orc hits you with a +0 flail!
* * * LOW HITPOINT WARNING * * *
The orc is struck by your spines.
You kill the orc!
Things that are here:
a +0 flail; a +0 leather armour; a hobgoblin corpse You see here a rat corpse.
The rat twitches its whiskers.
The orc is struck by your spines. The orc hits you with a +0 flail!
You die...

#.##.# #.##.# #r##.# #.##.#
###### #.##.# #.....
#############.##.# #.##..
##.........r...##r# ########.#.##
......###########o###..........#
##.##...........@..............##
#.##############..#########.##..
#.# #.......# ##..........
#.#########.####.####.###.......
#.........#.# #......# #...###.
#########.#.# ######.###....#..
#### ###.#.# #..............
...## #.....# #.####.#.......
#...####..#..# #.# #.#.....#.


You could see an orc and a rat.

Vanquished Creatures
  2 adders (D:2)
  3 dart slugs (D:1)
  2 orcs
  3 ball pythons
  7 bats
  5 endoplasms
  A giant cockroach (D:2)
  4 goblins
  3 hobgoblins (D:2)
  3 kobolds
  A frilled lizard (D:1)
  4 rats
38 creatures vanquished.

Notes
Turn   | Place    | Note
-------+----------+-------------------------------------------
     0 | D:1      | egresovca the Demonspawn Conjurer began the quest for the
                  | Orb.
     0 | D:1      | Reached XP level 1. HP: 13/13 MP: 3/3
   135 | D:1      | Found a faded altar of an unknown god.
   329 | D:1      | Gained mutation: You are partially covered in sharp spines.
                  | [demonic ancestry]
   329 | D:1      | Reached XP level 2. HP: 19/19 MP: 1/5
   394 | D:1      | Learned a level 2 spell: Searing Ray
   397 | D:1      | Learned a level 2 spell: Scorch
  1245 | D:2      | Reached XP level 3. HP: 24/24 MP: 2/7
  1328 | D:2      | Reached skill level 1 in Fire Magic
  2318 | D:2      | Slain by an orc

Illustrated notes

Levels and vault maps discovered:
D:1:      minmay_arrival_four_loops, layout_loops_cross, basic_ecumenical_altar
D:2:      layout_loops_ring
D:3:      layout_basic, zin_treasury, nicolae_uskayaw_suspiria,
          cheibrodos_sewer_entry_bend, amcnicky_mini_corridor_feature

Skill      XL: |  1  2  3 |
---------------+----------+-----
Fire Magic     | 1 |  1.5
Spellcasting   | 3 |  3.1
Dodging        | |  1.7
Stealth        | |  1.7
Conjurations   | |  4.4

Action                   || total
-------------------------++-------
Melee: Unarmed           ||     3
 Cast: Magic Dart        ||    10
       Searing Ray       ||    24
       Scorch            ||     2
Armor: Robe              ||     2
       Leather armour    ||     3
Dodge: Dodged            ||    16
